 Dungeon Crawl Stone Soup version 0.27-a0-419-g7a85846853 (webtiles) character file.

Game seed: 10707684559651779893

9 Chiseanne the Covered (level 2, 24/24 HPs)
             Began as a Demonspawn Wanderer on Feb 26, 2021.
             Quit the game on level 1 of the Dungeon.
             The game lasted 00:00:34 (215 turns).

Chiseanne the Covered (Demonspawn Wanderer)          Turns: 215, Time: 00:00:34

Health: 24/24      AC:  6    Str: 13    XL:     2   Next: 3%
Magic:  2/2        EV:  9    Int: 13    God:
Gold:   0          SH:  0    Dex: 11    Spells: 1/1 levels left

rFire    . . .     SeeInvis .   a - +2 hand axe
rCold    . . .     Faith    .   (no shield)
rNeg     . . .     Spirit   .   g - +0 scale mail
rPois    .         Reflect  .   (no helmet)
rElec    .         Harm     .   (no cloak)
rCorr    .         Rampage  .   (no gloves)
Will     .....                  (no boots)
Stlth    ..........             (no amulet)
HPRegen  0.08/turn              (no ring)
MPRegen  0.08/turn              (no ring)

@: no status effects
A: hooves 1
a: no special abilities


You were on level 1 of the Dungeon.
You visited 1 branch of the dungeon, and saw 1 of its levels.

Inventory:

Hand Weapons
 a - a +2 hand axe (weapon)
 w - a +0 hand crossbow
Missiles
 c - 21 bolts
Armour
 g - a +0 scale mail (worn)
Scrolls
 d - a scroll of teleportation
 e - a scroll of magic mapping {unknown}
 f - a scroll of identify {unknown}
Potions
 b - 3 potions of curing {unknown}


   Skills:
 * Level 3.2 Fighting
 - Level 1.0 Axes
 - Level 1.0 Throwing
 * Level 3.6 Armour
 * Level 0.9 Dodging
 - Level 1.0 Evocations


You had one spell level left.
You didn't know any spells.
Your spell library was empty.

Dungeon Overview and Level Annotations

Branches:
Dungeon (1/15)

Altars:


Innate Abilities, Weirdness & Mutations

You have large cloven feet.


Message History

No target in view!
No target in view!
No target in view!
No target in view!
No target in view!
No target in view!
No target in view!
You see here a +0 club.
A rat comes into view.
The rat bites you but does no damage.
You hit the rat.
You kill the rat!
No target in view!
No target in view!
No target in view!
No target in view!
No target in view!
No target in view!
No target in view!
No target in view!
No target in view!
No target in view!
No target in view!
No target in view!
No target in view!
No target in view!
e - a scroll labelled EPEYWATH MIOME A goblin comes into view.
It is wielding a +0 dagger.
The goblin shouts!
The goblin hits you but does no damage.
You hit the goblin.
You kill the goblin!
You have reached level 2!
Your demonic ancestry asserts itself...
Your feet thicken and deform.
Things that are here:
a +0 dagger; a goblin corpse A rat comes into view.
The rat moves out of view.
Are you sure you want to abandon this character and quit the game? (Confirm with "yes".)

###.#.....####..≈≈
............# #..≈≈.
...#.#.....# #.≈≈..
...#...#.### #.≈...
......#.#####.≈...
............#.≈≈..
###.###.#.###.#..≈≈.
#.#.###...# #.##..≈≈
#..@....### #..##..≈
#.#.###.### #.##...
.. #.#.....# #..#...
... #.#.#.).# #.....
...
#...#...#####.#...
..
#####............. .
#.............
#............[
####..........


There were no monsters in sight!

Vanquished Creatures
  2 leopard geckos (D:1)
  2 goblins (D:1)
  3 rats (D:1)
7 creatures vanquished.

Notes
Turn   | Place    | Note
-------+----------+-------------------------------------------
     0 | D:1      | Chiseanne the Demonspawn Wanderer began the quest for the
                  | Orb.
     0 | D:1      | Chiseanne set off with the following items: a +2 hand axe,
                  | a +0 hand crossbow, 21 bolts, a scroll of teleportation, a
                  | +0 robe
     0 | D:1      | Reached XP level 1. HP: 18/18 MP: 1/1
   205 | D:1      | Gained mutation: You have large cloven feet. [demonic
                  | ancestry]
   205 | D:1      | Reached XP level 2. HP: 24/24 MP: 2/2
   215 | D:1      | Quit the game

Illustrated notes

Levels and vault maps discovered:
D:1:      moated_graveyard_arrival, layout_basic

Action                   || total
-------------------------++-------
Melee: Hand axe          ||     8
Armor: Scale mail        ||     3

Table legend: (Time is in decaauts)
 A = Elapsed time spent in this place.
 B = Non-inter-level travel time spent in this place.
 C = Inter-level travel time spent in this place.
 D = Time resting spent in this place.
 E = Time spent auto-exploring this place.
 F = Levels seen in this place.
 G = Mean time per level.
                   A        B        C        D        E       F      G
               +--------+--------+--------+--------+--------+-----+--------+
         Total |    216 |    216 |      0 |    101 |     68 |   1 |  216.0 |
       Dungeon |    216 |    216 |      0 |    101 |     68 |   1 |  216.0 |
               +--------+--------+--------+--------+--------+-----+--------+

Top non-repeatable levels by time:
     D:1: 216 daAuts
